 Dungeon Crawl Stone Soup version 0.22.1-2-g9c5b331 (webtiles) character file.

54 diana the Sneak (level 3, -13/27 HPs)
             Began as a Demonspawn Assassin on Dec 29, 2018.
             Splashed by Ijyb's acid (15 damage)
             ... on level 3 of the Dungeon.
             The game lasted 00:01:36 (1212 turns).

diana the Sneak (Demonspawn Assassin)               Turns: 1212, Time: 00:01:40

Health: -13/27     AC:  1    Str: 11    XL:     3   Next: 66%
Magic:  3/3        EV: 12    Int: 12    God:
Gold:   63         SH:  4    Dex: 15    Spells: 2/2 levels left

rFire    . . .     SeeInvis .   a - +2 dagger
rCold    . . .     Gourm    .   (no shield)
rNeg     . . .     Faith    .   c - +0 robe
rPois    .         Spirit   .   (no helmet)
rElec    .         Reflect  +   q - +0 cloak
rCorr    .         Harm     .   (no gloves)
MR       .....                  (no boots)
Stlth    +++.......             i - +4 amulet of reflection
HPRegen  0.09/turn              (no ring)
MPRegen  0.08/turn              (no ring)

@: corroded
A: claws 1, yellow scales 1
a: no special abilities


You were on level 3 of the Dungeon.
You were very hungry.

You visited 1 branch of the dungeon, and saw 3 of its levels.

You collected 63 gold pieces.

Inventory:

Hand Weapons
 a - a +2 dagger (weapon)
 b - a +0 blowgun
Missiles
 e - 51 poisoned needles
 f - 2 curare-tipped needles
Armour
 c - a +0 robe (worn)
 d - a +0 cloak
 q - a +0 cloak (worn)
Jewellery
 i - a +4 amulet of reflection (around neck)
Wands
 p - a wand of scattershot (3)
 t - a wand of acid (4)
Scrolls
 h - 2 scrolls of identify {unknown}
 j - a scroll of random uselessness {unknown}
 m - a scroll of amnesia {unknown}
 n - a scroll of teleportation {unknown}
 s - a scroll of noise {unknown}
Potions
 k - a potion of lignification {unknown}
 l - 2 potions of mutation {unknown}
 o - a potion of heal wounds {unknown}
 r - 2 potions of curing {unknown}
 u - a potion of might {unknown}
Comestibles
 g - 5 rations


   Skills:
 - Level 2.0 Fighting
 * Level 2.4 Short Blades
 - Level 1.7 Throwing
 * Level 1.3 Armour
 * Level 1.9 Dodging
 + Level 3.8 Stealth


You had 2 spell levels left.
You didn't know any spells.
Your spell library was empty.

Dungeon Overview and Level Annotations

Branches:
Dungeon (3/15)

Altars:
Cheibriados
Elyvilon

Annotations:
D:3 Ijyb


Innate Abilities, Weirdness & Mutations

You have sharp fingernails.
You are partially covered in yellow scales. (AC +2)


Message History

e - 51 poisoned needles (gained 11) Ijyb the Twisted Goblin comes into view.
Ijyb is nearby!
Ijyb is nearby!
You are feeling very hungry.
The helpless Ijyb fails to defend herself.
You impale Ijyb!!
Ijyb is almost dead.
Ijyb hits you.
You hit Ijyb but do no damage.
Ijyb is almost dead.
Ijyb barely misses you.
You hit Ijyb.
Ijyb is almost dead.
Ijyb zaps a wand.
The bolt of acid hits you!
Ouch! That really hurt!
* * * LOW HITPOINT WARNING * * *
The acid corrodes you!
You are splashed with acid!
The acid burns!
Ouch! That really hurt!
You die...

#.
##.######.#
## #.###..#
#.# #.....##
#.# ###..##
#.. #..#
#..### #....#
#.##.# #.##@#
.!##.g...#
#.###........
.. ..#######
.## ###


You could see Ijyb.

Vanquished Creatures
  A gnoll (D:3)
  A dart slug (D:1)
  A leopard gecko (D:2)
  8 bats
  2 giant cockroaches
  A goblin (D:1)
  5 hobgoblins
  6 jackals
  7 kobolds
  A ball python (D:1)
  2 frilled lizards
  3 rats
38 creatures vanquished.

Notes
Turn   | Place    | Note
-------+----------+-------------------------------------------
     0 | D:1      | diana the Demonspawn Assassin began the quest for the Orb.
     0 | D:1      | Reached XP level 1. HP: 16/16 MP: 1/1
     8 | D:1      | Reached skill level 1 in Dodging
   182 | D:1      | Gained mutation: You are partially covered in yellow
                  | scales. (AC +2) [demonic ancestry]
   182 | D:1      | Reached XP level 2. HP: 19/22 MP: 2/2
   497 | D:1      | Reached skill level 1 in Armour
   752 | D:2      | Found a snail-covered altar of Cheibriados.
   776 | D:2      | Found a white marble altar of Elyvilon.
   858 | D:2      | Gained mutation: You have sharp fingernails. [demonic
                  | ancestry]
   858 | D:2      | Reached XP level 3. HP: 23/27 MP: 3/3
  1204 | D:3      | Noticed Ijyb
  1212 | D:3      | Splashed by Ijyb's acid

Skill      XL: |  1  2 |
---------------+-------+-----
Dodging        | 1 |  1.9
Short Blades   | 2 |  2.4
Armour         | 1 |  1.3
Fighting       | |  2.0
Throwing       | |  1.7
Stealth        | |  3.8

Action                   || total
-------------------------++-------
Melee: Dagger            ||   119
 Stab: Sleeping          ||    13
Armor: Robe              ||    28
Dodge: Dodged            ||    73
Block: Other             ||    16
       Reflection        ||     1
